cohdb
Replays
Latest Replays
All Replays
Popular Replays
Top Player Replays
Match Explorer
How It Works
Community
CoH3 Stats
Reddit
Sign in to upload your games and track your stats! →
Sign in with Steam
Match 46438682
Unlisted
Match 46438682
Overview
Messages
Build Orders
End
Construct Barracks
Engineer Squad
Riflemen Squad
M1 Mortar Team
Riflemen Squad
Riflemen Squad
Infantry Support Center
Riflemen Squad
M1918 Browning Automatic Rifles
Construct Motor Pool
Grenade Package
M1 Anti-tank Gun Team
Selects Armored Battlegroup
Selects Fast Deploy
M1 Mortar Team
M1 Anti-tank Gun Team
Selects M8 Scott SPG
M8 Scott SPG
Selects Veteran Crews
Selects Field Repairs
Selects War Machine
Survival Training
Scout Squad
JOE
BATTLEDANNY1
~TAB~ THUND3RCHUNKY
Nightmare
0
0
Comments
sign in to comment!
No comments posted yet!